[Event "Chinese League Division-A 2024"]
[Site "Fuling Chongqing"]
[Date "2024.07.07"]
[Round "10.14"]
[White "Guo, Qi"]
[Black "Zhang, Xiaowen"]
[Result "1-0"]
[ECO "D37"]
[WhiteElo "2362"]
[BlackElo "2261"]
[Annotator "TA"]
[PlyCount "87"]
[EventDate "2024.06.28"]
[EventType "team-tourn"]
[EventCountry "CHN"]
[SourceTitle "playchess.com"]
[Source "ChessBase"]
[SourceQuality "1"]
[TimeControl "40/5400+30:1800+30"]

1. d4 d5 2. c4 e6 3. Nf3 Nf6 4. Nc3 Be7 5. Bf4 O-O 6. e3 b6 7. Be2 Bb7 8. O-O Nbd7 9. cxd5 Nxd5 {[%emt 0:00:06] White has an edge.} 10. Nxd5 Bxd5 11. Qc2 c5 12. Rfd1 cxd4 13. e4 Rc8 14. Qb1 Bc4 15. Bxc4 Rxc4 16. b3 $36 {[%emt 0:00:06][%mdl 2048] White is pushing.} Rc8 17. Rxd4 Bc5 18. Rd3 {[%emt 0:01:49] Black must now prevent Qd1.} Qe7 {[%emt 0:05:16] [#]} 19. b4 $1 Bxb4 {[%emt 0:07:06] [#]} 20. Rxd7 Qxd7 21. Qxb4 Rfd8 22. h4 Qd3 23. Be3 Qc3 24. Qxc3 Rxc3 25. a4 Rc4 26. Nd2 Rb4 27. a5 f5 (27... h6 $14) 28. axb6 axb6 29. Ra7 fxe4 30. Rb7 {[%emt 0:00:46] White is more active.} Rd6 (30... h5 $16 31. Kh2 (31. Bxb6 $2 {loses.} Rxd2 32. Rb8+ Kf7 $19) 31... Rd5) 31. g4 {[%emt 0:00:09][%mdl 1024] White has strong compensation.} h6 32. Kg2 Kf8 33. h5 Kg8 34. Kg3 Kh7 (34... e5 $142 35. Kg2 Kf8) 35. Kf4 $18 Rxd2 $2 (35... Kg8 36. Rb8+ (36. Nxe4 Rd8 $18) 36... Kf7) 36. Bxd2 {[%emt 0:00:23][%mdl 4096] Endgame. KRB-KR} e3+ 37. Kxe3 $1 (37. Bxb4 exf2 38. Rxb6 f1=Q+ (38... f1=B 39. Rxe6 Kg8 40. Re7 $18) 39. Ke5 Qd3 40. Rxe6 Qe3+ (40... Qb5+ $2 41. Kf4 $19) 41. Kd5 Qb3+ 42. Ke5 Qxb4 $19) 37... Rxg4 38. Bc3 {[%emt 0:03:44][%cal Oc3d4] And now Bd4! would win.} Kg8 39. Rxb6 Rg5 40. Rxe6 Kf7 41. Re5 {[%emt 0:00:46] White threatens Rxg5 and mate.} Rg1 42. Ra5 g6 43. Ra7+ Ke8 44. Rg7 {[%emt 0:00:18] Weighted Error Value: White=0.07 (flawless) /Black=0.43.  Mistake:       	---       	Black=4      Inaccurate:     	White=3     	Black=3      OK:         	White=17    	Black=5      Best:        	---       	Black=2      Brilliant:      	White=1     	---} 1-0

[Event "Chinese League Division-A 2024"]
[Site "Fuling Chongqing"]
[Date "2024.07.07"]
[Round "10.15"]
[White "Ni, Shiqun"]
[Black "Gao, Muziyan"]
[Result "1-0"]
[ECO "B51"]
[WhiteElo "2352"]
[BlackElo "1943"]
[Annotator "TA"]
[PlyCount "107"]
[EventDate "2024.06.28"]
[EventType "team-tourn"]
[EventCountry "CHN"]
[SourceTitle "playchess.com"]
[Source "ChessBase"]
[SourceQuality "1"]
[TimeControl "40/5400+30:1800+30"]

1. e4 c5 2. Nf3 Nc6 3. Bb5 d6 4. O-O Bd7 5. Re1 Nf6 6. c3 a6 7. Bf1 Bg4 8. h3 Bxf3 9. Qxf3 g6 10. d3 Bg7 11. Be3 Nd7 12. Nd2 O-O 13. Qd1 b5 {[%emt 0:13:49][%cal Bb7b5,Bb5b4][%mdl 32] White is slightly better.} 14. Nf3 b4 15. Qa4 Qc7 16. d4 Nb6 17. Qc2 bxc3 18. bxc3 Rfc8 19. Rec1 (19. dxc5 $14 dxc5 20. Rab1 (20. Bxc5 Ne5 $11)) 19... Na5 $11 20. Qd1 Qc6 21. Nd2 Qa4 22. Qxa4 Nxa4 23. Nb3 Nc6 24. Rab1 cxd4 25. cxd4 Nb4 26. Rxc8+ Rxc8 27. Na5 Nxa2 28. Bxa6 Ra8 {[%emt 0:00:46][%cal Oh7h5] [#] aiming for ...h5!} 29. Nc6 $1 Bf8 (29... Rxa6 30. Rb8+ Bf8 31. Bh6 (31. Nxe7+ Kg7 $17) (31. Nxe7+ Kg7 $17)) 30. Bb7 {[%emt 0:05:09] White is more active.} Re8 (30... N4c3 $1 $14) 31. f3 $36 {[%emt 0:00:04][%mdl 2048] White is in control.} f5 (31... N2c3 $16 32. Rb3 Nd1) 32. Rb3 $18 e5 33. Bd2 exd4 34. Nxd4 Bg7 (34... fxe4 $142 35. Bd5+ (35. Bxe4 Bg7 $18) (35. fxe4 Nc5 $18) 35... Kh8) 35. Nb5 Rb8 36. Nxd6 (36. Bd5+ $142 Kf8 37. Ra3 (37. Nxd6 Rxb3 38. Bxb3 N2c3 $18) 37... Rxb5 38. Rxa4 (38. Bxa2 Nb6 $16)) 36... Kf8 37. Be3 {[%emt 0:02:20] Inhibits Nc5.} Ke7 $2 (37... N2c3 38. exf5 Bd4) 38. Nc4 (38. Nc8+ $142 Kf8 39. Rd3) 38... fxe4 39. fxe4 {[%emt 0:00:11] And now Na5 would win.} N2c3 40. Na5 {[%emt 0:00:00] Strongly threatening Nc6+.} Rf8 41. Ba6 {[%emt 0:04:16] Prevents Ne2+} ({Better is} 41. g4 $18) 41... Ke6 (41... Re8 $16) 42. Rb7 Be5 43. Rxh7 Nxe4 $2 {[%emt 0:00:53] [#]} (43... Ra8) 44. Bc4+ $1 Kd6 45. Bd3 $2 (45. Nb7+ Kc6 46. Re7) 45... Kd5 46. Rd7+ Nd6 47. Nc4 Nc3 $2 (47... Bg3 48. Nxd6 Bxd6 49. Bxg6 Ke6) 48. Nxe5 Kxe5 49. Bxg6 {[%emt 0:00:48] A strong pair of Bishops.} (49. Bc5 $142 Rf6 50. Bxd6+ Rxd6 51. Rxd6 Kxd6 52. Bxg6) 49... Ke6 50. Ra7 Nc4 51. Bc5 Rf4 (51... Rc8 {was worth a try.} 52. Ra6+ Ke5) 52. g3 {[%emt 0:01:17] White is clearly winning.} Rf6 (52... Ne2+ $142 53. Kh2 Nxg3 54. Kxg3 Rf1 55. Ra6+ Ke5) 53. Ra6+ Ke5 {[%emt 0:00:32] [#]} 54. Bd4+ $1 {[%emt 0:00:04][%mdl 512] Weighted Error Value: White=0.34/Black=0.50.  Mistake:       	White=6     	Black=9      Inaccurate:     	---       	Black=2      OK:         	White=18    	Black=14     Best:        	White=1     	Black=2      Strong:       	White=1     	---} 1-0

[Event "Chinese League Division-A 2024"]
[Site "Fuling Chongqing"]
[Date "2024.07.07"]
[Round "10.16"]
[White "Huang, Renjie"]
[Black "Bai, Jinshi"]
[Result "1/2-1/2"]
[ECO "C67"]
[WhiteElo "2480"]
[BlackElo "2564"]
[Annotator "TA"]
[PlyCount "60"]
[EventDate "2024.06.28"]
[EventType "team-tourn"]
[EventCountry "CHN"]
[SourceTitle "playchess.com"]
[Source "ChessBase"]
[SourceQuality "1"]
[TimeControl "40/5400+30:1800+30"]

1. e4 e5 2. Nf3 Nc6 3. Bb5 Nf6 4. O-O Nxe4 5. Re1 Nd6 {[%emt 0:00:44] The position is equal.} 6. a4 Be7 7. Nc3 O-O 8. d4 exd4 9. Nd5 {[%emt 0:00:31] [#] Black must now prevent Bxc6.} Re8 10. Bf4 b6 11. Nxd4 Nxd4 12. Qxd4 {[%emt 0:00:06][%cal Od5c7] Threatens to win with Nxc7!} Bf8 13. Rxe8 Nxe8 14. Qe4 {[%emt 0:00:28] Strongly threatening Bd3. Black is weak on the light squares} Bb7 {[%emt 0:04:39] Hoping for ...Bxd5.} 15. Bd3 g6 {[%emt 0:01:46] [#]} 16. Qxe8 $1 Bxd5 17. Qxd8 Rxd8 18. Bxc7 Rc8 19. Be5 Bg7 20. Bxg7 Kxg7 $11 {[%emt 0:00:06][%mdl 4096] Endgame. KRB-KRB} 21. a5 Bc4 22. Bxc4 Rxc4 23. axb6 axb6 {[%emt 0:00:06] KR-KR} 24. c3 b5 25. Rd1 b4 26. cxb4 Rxb4 27. Rxd7 Rxb2 {[%emt 0:00:07] ( -> ...Rb1+)} 28. g3 Rb1+ 29. Kg2 Rb2 30. Kg1 Rb1+ {[%emt 0:00:10] Not much happened in this game.   Weighted Error Value: White=0.01 (flawless) /Black=0.00 (flawless) .  OK:         	White=17    	Black=11     Best:        	White=2     	Black=3} 1/2-1/2

[Event "Chinese League Division-A 2024"]
[Site "Fuling Chongqing"]
[Date "2024.07.07"]
[Round "10.17"]
[White "Kong, Xiangrui"]
[Black "Xiao, Tong"]
[Result "1/2-1/2"]
[ECO "B90"]
[WhiteElo "2439"]
[BlackElo "2518"]
[Annotator "TA"]
[PlyCount "160"]
[EventDate "2024.06.28"]
[EventType "team-tourn"]
[EventCountry "CHN"]
[SourceTitle "playchess.com"]
[Source "ChessBase"]
[SourceQuality "1"]
[TimeControl "40/5400+30:1800+30"]

1. e4 c5 2. Nf3 d6 3. d4 cxd4 4. Nxd4 Nf6 5. Nc3 a6 6. Be3 Ng4 7. Bg5 h6 8. Bh4 g5 9. Bg3 Bg7 10. Qd2 Nc6 11. Nb3 b5 12. h4 {[%emt 0:01:16] B90: Sicilian Najdorf: Unusual White 6th moves, 6 Be3 Ng4 and 6 Be3 e5.} gxh4 13. Bxh4 Nge5 14. Nd5 Be6 $146 ({Predecessor:} 14... Nc4 15. Bxc4 bxc4 16. Nc1 Be6 17. Ne2 Rb8 18. Rb1 Bxd5 19. exd5 Ne5 20. Bg3 Qc8 {½-½ Giri,A (2755)-Gelfand,B (2743) Moscow Tal Memorial 10th Blitz 2016 (3)}) 15. f4 Nc4 16. Bxc4 bxc4 17. Nc1 f5 18. exf5 Bxf5 19. c3 Be4 20. Ne2 Qa5 21. Ne3 d5 22. O-O d4 23. Nxc4 Qc5 24. b3 dxc3+ 25. Qe3 Qxe3+ 26. Nxe3 c2 27. Rac1 Bb2 28. Nxc2 Bxc1 29. Rxc1 Bxc2 30. Rxc2 Rc8 31. Nd4 Kd7 32. Nxc6 Rxc6 33. Rxc6 Kxc6 34. Bxe7 Re8 35. Bf6 Re2 36. g4 Rxa2 37. g5 hxg5 38. fxg5 Kd7 39. g6 Ke6 40. g7 Kf7 41. Kf1 Ra3 (41... Kxf6 42. g8=Q (42. g8=R a5 $11) 42... Ke5 43. Qh8+ Kf5 44. Qh3+ Kg5 45. Qc3 $18) 42. Ke2 Rxb3 (42... Kxf6 $2 {perishes.} 43. g8=Q (43. g8=R Rxb3 44. Rc8 Rb6 $11) 43... Ra2+ 44. Kd3 $18) 43. Kd2 a5 (43... Kxf6 $2 {loses.} 44. g8=Q (44. g8=R Rb5 $11) 44... Rb2+ 45. Ke3 $18) 44. Kc2 a4 45. Bc3 Rb7 46. Bb2 Rb8 47. Be5 Rb7 48. Bb2 Rb5 49. Kc1 Rg5 (49... Rb3 $17 {( -> ...a3)} 50. Kc2 Kg8) 50. Kb1 $15 Ke6 51. Ka2 Rg3 52. Bd4 Kd5 (52... Kf7 $5) 53. Bf6 Kc4 54. Be5 Rg2+ 55. Ka3 Kb5 56. Bf6 Rg3+ 57. Ka2 Kb4 58. Be7+ Kb5 (58... Kc4 $5 59. Bf6 $8 Kd5 $11) 59. Bf6 a3 60. g8=Q (60. Be5 {with more complications.} Rg1 61. Bd4 Rg6 62. Kxa3 Kc4 63. Ba1) 60... Rxg8 61. Kxa3 Kc4 62. Be5 Re8 63. Bf6 Re6 64. Bg7 Rg6 65. Be5 Rg5 66. Bf6 Rg3+ 67. Kb2 Rf3 68. Bg7 Rb3+ 69. Ka2 Rg3 70. Bf6 Rf3 71. Bg7 Kb4 72. Kb2 Rf2+ 73. Kc1 Kc4 74. Be5 Kd3 75. Bg7 Rf7 76. Be5 Re7 77. Bf6 Re6 78. Bg7 Rc6+ 79. Kb2 Rc7 80. Be5 Rb7+ 1/2-1/2

[Event "Chinese League Division-A 2024"]
[Site "Fuling Chongqing"]
[Date "2024.07.07"]
[Round "10.18"]
[White "Liu, Qingnan"]
[Black "Ma, Qun"]
[Result "1/2-1/2"]
[ECO "C67"]
[WhiteElo "2540"]
[BlackElo "2643"]
[Annotator "TA"]
[PlyCount "72"]
[EventDate "2024.06.28"]
[EventType "team-tourn"]
[EventCountry "CHN"]
[SourceTitle "playchess.com"]
[Source "ChessBase"]
[SourceQuality "1"]
[TimeControl "40/5400+30:1800+30"]

1. e4 e5 2. Nf3 Nc6 3. Bb5 Nf6 4. O-O Nxe4 5. Re1 Nd6 6. Nxe5 Be7 7. Bf1 Nxe5 8. Rxe5 O-O 9. d4 Bf6 10. Re1 {[%emt 0:00:24] The position is equal.} Re8 11. c3 Rxe1 12. Qxe1 Ne8 13. Bf4 d5 14. Bd3 g6 15. Nd2 Ng7 16. Qe2 c6 17. Re1 Bf5 18. Bxf5 Nxf5 19. Nf3 Ng7 20. Be5 Ne6 21. Bxf6 Qxf6 22. Ne5 Re8 23. Ng4 Qd8 24. Qe5 {[%emt 0:00:50] [#] Black must now prevent Nf6+.} Ng7 25. Qxe8+ Nxe8 26. Rxe8+ Qxe8 27. Nf6+ Kf8 28. Nxe8 Kxe8 $11 {[%emt 0:00:04][%mdl 4096] Endgame. KP-KP} 29. f4 f5 30. Kf2 Kf7 31. g3 Kf6 32. Ke3 Ke6 33. Kf2 Kf7 34. Ke3 Ke6 35. Kf2 Kf7 36. Ke3 Ke6 {[%emt 0:00:35] An uneventful encounter.   Weighted Error Value: White=0.02 (flawless) /Black=0.01 (flawless) .  OK:         	White=11    	Black=9      Best:        	White=1     	Black=2} 1/2-1/2

[Event "Chinese League Division-A 2024"]
[Site "Fuling Chongqing"]
[Date "2024.07.07"]
[Round "10.19"]
[White "Zhai, Mo"]
[Black "Hou, Yifan"]
[Result "0-1"]
[ECO "D63"]
[WhiteElo "2348"]
[BlackElo "2632"]
[Annotator "TA"]
[PlyCount "92"]
[EventDate "2024.06.28"]
[EventType "team-tourn"]
[EventCountry "CHN"]
[SourceTitle "playchess.com"]
[Source "ChessBase"]
[SourceQuality "1"]
[TimeControl "40/5400+30:1800+30"]

1. d4 Nf6 2. c4 e6 3. Nc3 d5 4. Bg5 Nbd7 5. e3 h6 6. Bh4 Be7 7. Nf3 O-O 8. Rc1 a6 9. c5 c6 10. Be2 b6 11. b4 a5 {[%emt 0:00:46] The position is equal.} 12. a3 axb4 13. axb4 bxc5 14. bxc5 e5 15. dxe5 Ne4 16. Bxe7 Qxe7 17. Nxe4 dxe4 18. Nd4 Nxe5 19. O-O Be6 20. Nxe6 Qxe6 21. Qd4 Qf5 22. Ra1 Rad8 23. Qb4 Rfe8 24. Rfd1 Rb8 25. Qc3 Re6 26. Rd6 Qf6 27. Qd4 Rxd6 28. cxd6 {[%emt 0:00:08][%cal Oa1c1] [#]} c5 $1 29. Qa4 (29. Qxc5 Nf3+ 30. gxf3 Qxa1+ 31. Kg2 exf3+ 32. Bxf3 Qf6 $17) 29... c4 30. Rc1 (30. Rf1 $11 {keeps the balance.}) 30... Qxd6 $17 {[%emt 0:01:54] aiming for ...Kh7.} 31. Bxc4 {[%emt 0:02:44] [#]} Qc7 $1 $36 {[%emt 0:02:29][%cal Oc7c4][%mdl 2048] ...Qxc4! is the strong threat. Keeping White busy.} 32. h3 {[%emt 0:08:41] [#]} Nd3 $1 33. Ra1 Nb2 $1 {[%emt 0:01:21][%csl LRa4,LRc4] Black is more active.} 34. Bxf7+ Qxf7 35. Qxe4 Rf8 36. f3 Nc4 37. Qd4 {[%emt 0:01:25] Wards off Nd6} (37. Ra8 $142) 37... Qe6 38. e4 Kh7 39. Kh2 Ne5 40. Qc3 (40. Rf1) 40... Qd6 $19 41. Kh1 Nxf3 {[%emt 0:05:37] ( -> ...Qh2#)} 42. gxf3 (42. e5 $142 Nxe5 (42... Qxe5 $2 43. Qxe5 Nxe5 44. Rc1 $19) 43. Qc2+ Ng6 44. Qe2) 42... Qg3 $1 43. Qc2 Qxh3+ (43... Qxf3+ 44. Qg2 $11) 44. Qh2 Qxf3+ 45. Qg2 Qh5+ (45... Qf6 $142 46. Rg1 Qh4+ 47. Qh2 Rf4 (47... Qxe4+ 48. Qg2 $19) 48. Rg3 Rf1+ (48... Rxe4 $2 49. Qxh4 Rxh4+ 50. Kg2 $19) 49. Kg2 Rf2+ (49... Qxe4+ $2 {perishes.} 50. Kxf1 Qb1+ 51. Kg2 $18) 50. Kxf2 Qxh2+ 51. Kf3 g5 52. e5 Kg6 53. e6 Kf6 54. e7 Qxg3+ (54... Kxe7 55. Rg2) 55. Kxg3 Kxe7 56. Kg4 Kf6 57. Kg3 h5 58. Kg2 g4 59. Kg3 Kg5 60. Kh2 Kf4 61. Kg2 h4 62. Kh1 h3 63. Kg1 g3 (63... h2+ {is a self mate.} 64. Kh1 Ke4 65. Kxh2 Kf3 66. Kg1 Kg3 67. Kf1 Kh2 68. Kf2 g3+ 69. Ke3 g2 70. Ke4 g1=Q 71. Kd5 Qb6 72. Kc4 Qc6+ 73. Kb4 Kg2 74. Ka3 Qb5 75. Ka2 Kf2 76. Ka3 Ke3 77. Ka2 Kd3 78. Ka3 Kc3 79. Ka2 Qb2#) 64. Kf1 g2+ (64... h2 {gets mated.} 65. Kg2 h1=R 66. Kxh1 Kf3 67. Kg1 g2 68. Kh2 Kf2 69. Kh3 g1=Q 70. Kh4 Qg6 71. Kh3 Qh5#) 65. Kf2 Ke4 66. Kg1 Kf3 67. Kh2 Kf2 68. Kxh3 g1=Q (68... g1=R 69. Kh4 Kf3 70. Kh5 Kf4 71. Kh6 Kf5 72. Kh7 Kf6 73. Kh8 Kf7 74. Kh7 Rh1#) 69. Kh4 Qg6 70. Kh3 Qh5#) 46. Qh2 Qg4 {[%emt 0:00:38] Weighted Error Value: White=0.45/Black=0.18 (very precise) .  Mistake:       	White=4     	---        Inaccurate:     	White=1     	---        OK:         	White=15    	Black=12     Best:        	White=2     	Black=6      Strong:       	---       	Black=2      Brilliant:      	---       	Black=1} 0-1

[Event "Chinese League Division-A 2024"]
[Site "Fuling Chongqing"]
[Date "2024.07.07"]
[Round "10.20"]
[White "Hu, Yu A."]
[Black "Yan, Tianqi"]
[Result "1/2-1/2"]
[ECO "B85"]
[WhiteElo "2127"]
[BlackElo "2306"]
[Annotator "TA"]
[PlyCount "60"]
[EventDate "2024.06.28"]
[EventType "team-tourn"]
[EventCountry "CHN"]
[SourceTitle "playchess.com"]
[Source "ChessBase"]
[SourceQuality "1"]
[TimeControl "40/5400+30:1800+30"]

1. e4 c5 2. Nf3 e6 3. d4 cxd4 4. Nxd4 Nc6 5. Nc3 a6 6. Be3 Qc7 7. Be2 Nf6 8. O-O Be7 9. f4 d6 10. Qe1 O-O 11. Qg3 Nxd4 12. Bxd4 b5 13. a3 Bb7 14. Rae1 Rad8 15. Bd3 Qd7 16. Kh1 Bc6 {[%emt 0:04:54] The position is equal.} 17. Bxf6 Bxf6 18. e5 dxe5 19. fxe5 Be7 20. Ne4 Bxe4 21. Rxe4 f5 22. exf6 Rxf6 23. Rxf6 Bxf6 24. Qh3 e5 25. Qxd7 Rxd7 $14 {[%emt 0:00:08] KRB-KRB} 26. a4 bxa4 27. Rxa4 (27. Bxa6 $2 {leads to mate.} Rd1+) 27... a5 28. Kg1 Bd8 29. Kf1 Rb7 30. b3 h6 {[%emt 0:00:07] Weighted Error Value: White=0.09 (flawless) /Black=0.10 (very precise) .  Inaccurate:     	---       	Black=1      OK:         	White=4     	Black=2      Best:        	White=1     	Black=1} 1/2-1/2

[Event "Chinese League Division-A 2024"]
[Site "Fuling Chongqing"]
[Date "2024.07.07"]
[Round "10.21"]
[White "Xu, Yinglun"]
[Black "Zeng, Chongsheng"]
[Result "1/2-1/2"]
[ECO "D38"]
[WhiteElo "2526"]
[BlackElo "2578"]
[Annotator "TA"]
[PlyCount "83"]
[EventDate "2024.06.28"]
[EventType "team-tourn"]
[EventCountry "CHN"]
[SourceTitle "playchess.com"]
[Source "ChessBase"]
[SourceQuality "1"]
[TimeControl "40/5400+30:1800+30"]

1. Nf3 Nf6 2. c4 e6 3. Nc3 d5 4. d4 Bb4 5. Bg5 h6 6. Bxf6 Qxf6 7. e3 O-O 8. Rc1 dxc4 9. Bxc4 c5 10. O-O {[%emt 0:00:35] Threatening Ne4.} cxd4 11. Ne4 Qe7 12. a3 Ba5 {[%emt 0:00:09] The position is equal.} 13. Qxd4 Rd8 14. Qc5 Qxc5 15. Nxc5 Nd7 16. Nb3 Bb6 17. Be2 Nf6 18. Ne5 Bd7 19. Nxd7 Rxd7 20. Rfd1 Rad8 21. Rxd7 Rxd7 22. Rd1 Rxd1+ 23. Bxd1 $11 {[%emt 0:00:06][%mdl 4096] Endgame. KBN-KBN} Ne4 24. Kf1 Nc5 25. Nxc5 Bxc5 {[%emt 0:00:05] KB-KB} 26. Ke2 Kf8 27. Kd3 Ke7 28. h3 Kd6 29. Bh5 (29. b4 $5 Bb6 $8 30. Bf3 $11) 29... f5 30. Bd1 (30. b4 $5 Bb6 $8 31. Bf3 $11) 30... b5 31. a4 (31. b4 $5 Bb6 $8 32. Bh5 $11) 31... a6 32. axb5 axb5 33. Bb3 g5 34. f3 Ke5 35. g4 f4 36. e4 Bd4 37. Bxe6 Bxb2 38. Bd5 b4 39. Bb3 Bc3 40. Bd5 Bb2 41. Bb3 Bc3 42. Bd5 {[%emt 0:00:06] An even fight not without its subleties.   Weighted Error Value: White=0.03 (flawless) /Black=0.02 (flawless) .  OK:         	White=10    	Black=11     Best:        	---       	Black=1} 1/2-1/2

[Event "Chinese League Division-A 2024"]
[Site "Fuling Chongqing"]
[Date "2024.07.07"]
[Round "10.22"]
[White "Liu, Yan"]
[Black "Li, Shilong"]
[Result "1/2-1/2"]
[ECO "D79"]
[WhiteElo "2573"]
[BlackElo "2407"]
[Annotator "TA"]
[PlyCount "86"]
[EventDate "2024.06.28"]
[EventType "team-tourn"]
[EventCountry "CHN"]
[SourceTitle "playchess.com"]
[Source "ChessBase"]
[SourceQuality "1"]
[TimeControl "40/5400+30:1800+30"]

1. c4 Nf6 2. Nf3 g6 3. g3 Bg7 4. Bg2 O-O 5. d4 c6 6. Nc3 d5 7. cxd5 cxd5 8. Ne5 Nc6 9. O-O Bf5 10. Bf4 Rc8 11. Rc1 Qb6 12. b3 Qa5 (12... Qxd4 $2 13. Nxc6 (13. Bxd5 $2 Nxd5 14. Nxd5 Bxe5 $19) 13... Qxd1 14. Nxe7+ Kh8 15. Rfxd1 $18) (12... Nxd4 13. Be3 $18 (13. Bxd5 $2 Rxc3 14. Bxf7+ Rxf7 $19)) 13. Qd2 {[%emt 0:02:16] Threatens to win with Nxc6.} Rfd8 14. Rfd1 Ng4 (14... Nb4 $11) 15. Nxc6 $16 Rxc6 {[%emt 0:27:57] [#]} 16. b4 $1 Qxb4 17. Nxd5 (17. Bxd5 Rcc8 $11 (17... Rxc3 $2 18. Rxc3 Qa4 19. e4 $18)) 17... Qa3 {[%emt 0:13:06] [#]} (17... Qxd2 $16 {was called for.} 18. Bxd2 Rxc1 19. Bxc1 (19. Rxc1 Bxd4 20. Nxe7+ Kf8 $14) 19... Re8) 18. h3 $1 $18 {[%emt 0:03:37] Hoping for Rc5.} Nf6 19. Nxf6+ Rxf6 20. Bc7 {[%emt 0:00:15] Against Rb6} ({Worse is} 20. Bxb7 Rb6 21. Bf3 e5 $11) 20... Re8 21. e4 (21. Bxb7 $18 Qa4 22. h4) 21... Bc8 $16 22. e5 Ra6 23. d5 (23. Bd5 {is more complex.} Ra4 24. Rc3 Qb4 25. a3) 23... Qxa2 24. d6 ({Better is} 24. Qd3 $16) 24... Qxd2 25. Rxd2 {[%emt 0:00:03] Strongly threatening dxe7.} exd6 26. exd6 Bd7 {[%emt 0:00:02] And now ...Bh6 would win.} 27. Bxb7 Ra1 28. Rdd1 Rxc1 29. Rxc1 Re2 30. Bc6 Bxc6 31. Rxc6 $11 {[%emt 0:00:03][%mdl 4096] Endgame. Intending d7 and mate. KRB-KRB} Rd2 32. Kf1 {[%emt 0:02:14] Ba5 is the strong threat.} Bf8 33. Ra6 f5 34. Ke1 ({Reject} 34. Rxa7 Bxd6 35. Bb6 f4 $11) (34. Bb8 $14 {should be considered.}) 34... Rd5 35. Ke2 Kf7 36. Rxa7 Ke6 37. Ke3 Bxd6 (37... h6 $11) 38. Bxd6 $14 Rxd6 39. Rxh7 $11 {[%emt 0:00:06] KR-KR. White is more active.} Kf6 40. h4 Re6+ 41. Kf3 Re4 42. Kg2 Ra4 43. h5 (43. Rb7 $14) 43... gxh5 {[%emt 0:00:12] Black defended with fortune.   Weighted Error Value: White=0.14 (very precise) /Black=0.15 (very precise) .  Mistake:       	White=4     	Black=3      Inaccurate:     	---       	Black=2      OK:         	White=11    	Black=17     Best:        	White=2     	Black=1      Strong:       	White=1     	---} 1/2-1/2

[Event "Chinese League Division-A 2024"]
[Site "Fuling Chongqing"]
[Date "2024.07.07"]
[Round "10.23"]
[White "Wu, Yixing"]
[Black "Wang, Chen"]
[Result "1/2-1/2"]
[ECO "D45"]
[WhiteElo "2326"]
[BlackElo "2490"]
[Annotator "RC"]
[PlyCount "53"]
[EventDate "2024.06.28"]
[EventType "team-tourn"]
[EventCountry "CHN"]
[SourceTitle "playchess.com"]
[Source "ChessBase"]
[SourceQuality "1"]
[TimeControl "40/5400+30:1800+30"]

1. d4 d5 2. c4 e6 3. Nf3 Nf6 4. Nc3 c6 5. e3 Nbd7 6. Qc2 b6 7. cxd5 cxd5 8. Nb5 Bb4+ 9. Bd2 Bxd2+ 10. Nxd2 O-O 11. Be2 Bb7 12. O-O a6 13. Nd6 Qb8 14. Nxb7 Qxb7 15. Rac1 Rfc8 16. Qb3 Rxc1 17. Rxc1 Rc8 18. Rc3 Rxc3 19. Qxc3 Ne8 20. Bd3 h6 21. Nf3 Ndf6 22. Kf1 Nd6 23. Ne5 Nd7 24. Nf3 Nf6 25. Ne5 Nd7 26. Nf3 Nf6 27. Ne5 1/2-1/2

[Event "Chinese League Division-A 2024"]
[Site "Fuling Chongqing"]
[Date "2024.07.07"]
[Round "10.24"]
[White "Huang, Qian"]
[Black "Wang, Qinxuanyi"]
[Result "1/2-1/2"]
[ECO "D02"]
[WhiteElo "2396"]
[BlackElo "2149"]
[Annotator "TA"]
[PlyCount "93"]
[EventDate "2024.06.28"]
[EventType "team-tourn"]
[EventCountry "CHN"]
[SourceTitle "playchess.com"]
[Source "ChessBase"]
[SourceQuality "1"]
[TimeControl "40/5400+30:1800+30"]

1. d4 d5 2. Nf3 Nf6 3. Bf4 Bf5 4. e3 e6 5. c4 Bxb1 6. Rxb1 Bb4+ 7. Ke2 $1 {[%emt 0:00:02] aiming for c5.} ({Don't blunder} 7. Nd2 $2 Ne4 8. Qa4+ Nc6 $19) 7... Bd6 8. Bxd6 cxd6 9. cxd5 Nxd5 10. Qb3 Qe7 11. g3 O-O 12. Bg2 Nc6 13. Rhc1 Nb6 14. Qa3 Rac8 15. Ne1 d5 16. Qxe7 Nxe7 17. b3 Rxc1 18. Rxc1 Rc8 {[%emt 0:00:03] Inhibits Rc7.} 19. Rb1 Nf5 20. Kd2 Kf8 21. Nd3 Nd7 22. a4 Ke7 23. g4 Nd6 24. f3 b6 25. Bf1 f6 26. Be2 a5 27. h4 e5 28. Rg1 h6 29. h5 Nf7 30. Nf2 Kd6 (30... exd4 $11 31. exd4 Ng5) 31. Nh1 $1 $16 Ke7 (31... exd4 $14 32. exd4 f5) 32. Ng3 Nd6 33. Nf5+ $1 Nxf5 34. gxf5 {[%emt 0:00:01][%mdl 4096] Endgame. KRB-KRN} Kf7 35. Bb5 Nf8 36. e4 Nh7 {[%emt 0:00:25] [#]} 37. Bd7 $1 {[%emt 0:01:02] White is more active.} Rc7 {[%emt 0:03:24] [#]} (37... Rd8 $16 {is a better defense.} 38. Be6+ Kf8) 38. Be6+ $1 $18 Ke8 39. exd5 ({Weaker is} 39. Bxd5 Ng5 40. Rg3 Ke7 $14) 39... Ng5 40. Kd3 $2 ({Only move:} 40. d6 $18 Rc6 41. d7+ Ke7 42. Ke2 (42. d5 Nxf3+ 43. Kd3 Rc3+ 44. Kxc3 Nxg1 $16)) 40... Ke7 $1 $14 41. Rf1 Kd6 {[%emt 0:05:59] The position is equal.} 42. dxe5+ fxe5 43. Kd2 Nh3 44. Rb1 (44. f6 $5 Ng5 $8 45. fxg7 Rxg7 46. Ke3 $11) 44... Ng5 $1 45. Rf1 Nh3 46. Rb1 {[%emt 0:00:05] And now b4 would win.} (46. f6 $5 Ng5 $8 47. fxg7 Rxg7 48. Bc8 $11) 46... Ng5 $1 47. Rf1 {[%emt 0:00:50] Weighted Error Value: White=0.10 (very precise) /Black=0.12 (very precise) .  Missed win:     	White=1     	---        Mistake:       	---       	Black=3      Inaccurate:     	White=1     	Black=2      OK:         	White=11    	Black=7      Best:        	White=2     	Black=7      Strong:       	White=5     	Black=3} 1/2-1/2